AoeStats
← Huskarls4

Arena

509905104Analyzed
4v4 RM · 20d ago on Sep 28, 2026· 43m 49s· 8 players
Game mode
Random Map
Map size
Large (8 player)
Population
200
Speed
Normal
Resources
Standard
Victory
Conquest
Starting age
Dark Age
Ending age
Imperial Age
RankedLock teamsTeams togetherTeam positionsShared explorationLock speedFull tech treeHidden civsTurbo modeCheats
Victory
Defeat
🇸🇪 Spanish · Sweden
1509
+12
🇸🇪 Burmese · Sweden
1437
+15
🇬🇧 Goths · United Kingdom
1428
+16
🇻🇳 Cumans · Vietnam
1411
+16
vs
🇨🇳 Celts · China
1510
-18
🇧🇷 Romans · Brazil
1474
-17
🇨🇳 Khmer · China
1398
-14
🇫🇷 Armenians · France
1308
-10
Huskarls4
10:01 Feudal Age
12:15 Double-Bit Axe
14:33 Castle Age
19:32 Horse Collar
21:11 Bow Saw
24:30 Wheelbarrow
24:21 Gold Mining
27:33 Heavy Plow
28:35 Hand Cart
31:35 Imperial Age
29:38 Loom
29:39 Town Watch
30:06 Forging
29:57 Scale Mail Armor
29:47 Fletching
30:44 Stone Mining
31:50 Iron Casting
31:09 Fletching
30:42 Man-at-Arms
31:23 Squires
31:02 Pikeman
31:32 Long Swordsman
32:35 Chain Mail Armor
32:57 Crop Rotation
33:30 Two-Man Saw
33:45 Blast Furnace
32:16 Two-Handed Swordsman
33:35 Champion
35:14 Conscription
35:44 Stone Shaft Mining
35:47 Anarchy
36:36 Perfusion
36:34 Bodkin Arrow
37:45 Chemistry
37:42 Bracer
37:25 Elite Huskarl
41:46 Masonry
41:56 Ballistics
xGusZx24
11:17 Feudal Age
14:57 Castle Age
12:47 Double-Bit Axe
18:57 Bow Saw
19:28 Fervor
20:11 Horse Collar
22:43 Wheelbarrow
24:46 Fletching
31:19 Imperial Age
29:05 Padded Archer Armor
29:00 Bodkin Arrow
30:04 Hand Cart
29:36 Loom
29:37 Town Watch
30:19 Heavy Plow
30:40 Bodkin Arrow
30:50 Scale Barding Armor
33:11 Chemistry
32:21 Fortified Wall
32:40 Conscription
31:44 Capped Ram
33:14 Leather Archer Armor
34:01 Elite Conquistador
35:25 Husbandry
35:35 Bloodlines
34:47 Cavalier
36:20 Chain Barding Armor
36:31 Ring Archer Armor
36:11 Forging
38:50 Masonry
39:01 Light Cavalry
39:02 Paladin
41:41 Plate Barding Armor
41:41 Iron Casting
42:14 Hussar
43:57 Bracer
44:58 Blast Furnace
nguyenducminhhieu
2:32 Loom
9:48 Feudal Age
11:31 Wheelbarrow
10:43 Double-Bit Axe
11:41 Horse Collar
21:02 Castle Age
19:09 Gold Mining
21:21 Bloodlines
22:00 Hand Cart
21:56 Bow Saw
22:02 Heavy Plow
22:23 Forging
22:19 Scale Barding Armor
23:51 Capped Ram
25:28 Iron Casting
25:16 Chain Barding Armor
31:34 Gold Shaft Mining
34:02 Imperial Age
33:50 Iron Casting
34:12 Cavalier
36:53 Blast Furnace
36:28 Plate Barding Armor
36:59 Paladin
Stuve
11:12 Feudal Age
12:01 Horse Collar
14:47 Castle Age
12:51 Horse Collar
15:42 Heavy Plow
17:55 Pikeman
21:03 Scale Mail Armor
22:34 Forging
25:09 Chain Mail Armor
30:58 Iron Casting
31:38 Wheelbarrow
31:05 Gold Mining
33:47 Fortified Wall
34:41 Masonry
38:20 Imperial Age
37:10 Bloodlines
37:01 Husbandry
37:31 Manipur Cavalry
37:22 Fletching
37:25 Light Cavalry
38:12 Scale Barding Armor
39:34 Chain Barding Armor
39:05 Elite Arambai
40:58 Plate Barding Armor
41:49 Conscription
41:28 Hussar
44:37 Blast Furnace
Cryptomage
12:02 Feudal Age
12:55 Loom
15:31 Castle Age
13:56 Double-Bit Axe
14:20 Horse Collar
15:32 Man-at-Arms
16:42 Long Swordsman
17:41 Two-Handed Swordsman
18:24 Squires
22:01 Scale Mail Armor
22:12 Forging
30:23 Wheelbarrow
30:20 Devotion
38:48 Imperial Age
36:36 Crossbowman
37:18 Padded Archer Armor
38:44 Heavy Plow
38:57 Bow Saw
38:38 Gold Mining
38:41 Stone Mining
40:35 Fletching
MAZZUCCO
10:34 Feudal Age
14:26 Castle Age
12:21 Double-Bit Axe
12:56 Horse Collar
16:13 Loom
17:05 Bow Saw
21:39 Wheelbarrow
25:48 Hand Cart
30:52 Imperial Age
30:32 Ballistics
31:05 Ballistas
31:02 Town Watch
31:01 Heavy Scorpion
32:45 Chemistry
32:27 Siege Engineers
32:21 Capped Ram
34:22 Heavy Plow
36:06 Conscription
36:04 Fortified Wall
36:32 Siege Ram
Boar
10:25 Feudal Age
11:28 Double-Bit Axe
14:37 Castle Age
12:41 Horse Collar
16:00 Bow Saw
15:58 Heavy Plow
16:16 Bow Saw
20:05 Wheelbarrow
19:58 Heavy Plow
21:48 Gold Mining
24:24 Gold Shaft Mining
23:56 Loom
28:50 Imperial Age
26:55 Forging
26:45 Scale Mail Armor
27:34 Hand Cart
27:05 Town Watch
26:54 Pikeman
28:16 Arson
28:51 Chain Mail Armor
29:11 Iron Casting
28:43 Devotion
29:24 Iron Casting
29:57 Conscription
29:00 Capped Ram
29:24 Halberdier
29:51 Siege Ram
30:56 Siege Engineers
32:20 Furor Celtica
33:26 Blast Furnace
32:57 Plate Mail Armor
32:59 Heavy Scorpion
35:21 Chemistry
35:24 Ballistics
36:48 Masonry
阳光
9:59 Feudal Age
13:35 Castle Age
11:45 Double-Bit Axe
12:00 Horse Collar
15:03 Bow Saw
15:08 Heavy Plow
22:34 Loom
23:50 Wheelbarrow
23:29 Padded Archer Armor
24:42 Leather Archer Armor
26:47 Hand Cart
31:49 Imperial Age
31:25 Gold Mining
31:25 Stone Mining
32:21 Ballistics
32:54 Gold Shaft Mining
33:39 Conscription
34:41 Ring Archer Armor
34:57 Stone Shaft Mining
36:29 Chemistry
35:38 Siege Engineers
35:40 Husbandry
35:51 Bloodlines
38:23 Elite Ballista Elephant
Connection lost

Rejoining the realm…

Still unreachable

The connection could not be restored.

Session expired

The server has moved on; the page needs a fresh start.